cohdb
Replays
Latest Replays
All Replays
Popular Replays
Top Player Replays
Match Explorer
How It Works
Community
CoH3 Stats
Reddit
Sign in to upload your games and track your stats! →
Sign in with Steam
Match 47175144
Unlisted
Match 47175144
Overview
Messages
Build Orders
End
Selects Italian Combined Arms Battlegroup
Selects Bersaglieri Squad
Bersaglieri Squad
250 Light Carrier
Bersaglieri Squad
Bersaglieri Squad
Construct Light Support Kompanie
Fire Support Elements
Panzerpioneer Squad
Pak 38 Mechanized Group
Selects Semovente da 75/18 Assault Gun
Semovente da 75/18 Assault Gun
2.5-tonne Medical Truck
Semovente da 75/18 Assault Gun
Semovente da 75/18 Assault Gun
Selects Bersaglieri Bolster
Construct Panzerarmee Kommand
Selects Breda Model 30 Light Machine Guns
Semovente da 75/18 Assault Gun
Armored Reserves
Forward Retreat Point
Tiger Heavy Tank
Selects Strafing Run
Selects Pact of Steel
Construct Mechanized Kompanie
Emergency Repair Kits
Strafing Run
Rapid Advance
撸着猫看戏
混子驾到
电子阳痿末期
kusitomato
Coffee_addict
Omar Kamel Rock
T3h St33z
n1ck123
0
0
Comments
sign in to comment!
No comments posted yet!